Map: Abyssal Reef LE

Players

Methodape

  • Race: Terran Terran
  • League: Diamond
  • Spawn Location: 11:00

RightLeg - Winner!

  • Race: Terran Terran
  • Spawn Location: 5:00

VOD

Have the link to the VOD?

Description

Time

  • Played on: Nov. 29, 2017, 2:12 p.m.
  • Length: 10:15
Show
View Real Time Build Order
Export as new Build Order

Methodape Terran 

Build Orders: Reaper Expand, Mech 

Get SALT Encoding   

  12  0:01  SCV  
  13  0:13  SCV  
  14  0:17  Supply Depot  
  14  0:25  SCV  
  15  0:34  Refinery  
  15  0:39  SCV  
  16  0:48  Barracks  
  16  0:58  SCV  
  17  1:12  SCV  
  18  1:36  Reaper  
  18  1:38  Orbital Command  
  19  1:47  Command Center  
  19  2:04  Factory, SCV  
  20  2:18  Barracks Reactor  
  20  2:24  SCV  
  20  2:27  Refinery  
  21  2:32  Supply Depot  
  21  2:36  SCV  
  22  2:48  SCV  
  23  2:53  Starport  
  23  2:54  Hellion  
  25  2:59  Orbital Command  
  25  3:06  SCV  
  26  3:17  Cyclone  
  29  3:24  SCV  
  30  3:27  SCV  
  31  3:36  SCV  
  31  3:41  SCV  
  32  3:44  Starport Tech Lab  
  32  3:45  Barracks Tech Lab  
  32  3:48  SCV  
  32  3:50  Command Center  
  33  3:57  SCV  
  33  4:00  SCV  
  39  4:02  Hellion  
  39  4:03  Hellion  
  39  4:04  Raven  
  41  4:10  Supply Depot  
  41  4:12  SCV  
  42  4:21  SCV  
  42  4:31  SCV  
  43  4:33  Cyclone  
  43  4:34  Hellion  
  43  4:36  SCV  
  43  4:37  Supply Depot  
  43  4:38  Supply Depot  
  49  4:39  Refinery  
  49  4:40  Refinery  
  49  4:43  SCV  
  50  4:47  Engineering Bay  
  50  4:49  SCV  
  51  4:58  SCV  
  52  5:01  SCV  
  53  5:10  Medivac, SCV  
  53  5:11  Orbital Command  
  56  5:17  Missile Turret  
  56  5:26  Missile Turret  
  57  5:28  SCV  
  57  5:29  SCV  
  57  5:30  Siege Tank  
  61  5:38  Factory, SCV  
  61  5:41  Liberator, Barracks Tech Lab  
  62  5:44  SCV  
  62  5:45  SCV  
  64  5:50  SCV  
  64  5:56  SCV  
  66  5:59  Viking  
  66  6:00  SCV  
  66  6:03  SCV  
  73  6:09  Supply Depot x2  
  73  6:14  Supply Depot, Siege Tank  
  66  6:28  Factory  
  66  6:29  SCV  
  67  6:38  Viking  
  69  6:41  SCV  
  69  6:43  Viking, Missile Turret  
  72  6:48  Siege Tank x2  
  78  7:05  Factory  
  78  7:07  Factory  
  78  7:08  Viking  
  63  7:20  Siege Tank  
  48  7:28  Siege Tank  
  42  7:30  SCV  
  36  7:45  Viking  
  36  7:50  SCV  
  39  7:53  SCV  
  36  8:02  SCV  
  36  8:05  SCV  
  30  8:14  SCV  
  30  8:17  SCV  
  32  8:22  Orbital Command  
  32  8:26  SCV  
  33  8:27  Cyclone  
  33  8:29  SCV  
  37  8:38  SCV  
  38  8:41  SCV  
  39  8:50  SCV  
  39  8:51  Viking  
  39  8:52  SCV  
  39  8:53  SCV  
  44  9:00  Hellion x3  
  50  9:04  Armory  
  50  9:09  SCV x2  
  52  9:22  Hellion  
  51  9:44  SCV  
  48  9:54  SCV  
  55  10:01  Supply Depot, SCV  
Show
View Real Time Build Order
Export as new Build Order

RightLeg Terran - Winner!

Build Orders: Cyclone Opening, Reaper Expand 

Get SALT Encoding   

  12  0:01  SCV  
  13  0:13  SCV  
  14  0:18  Supply Depot  
  14  0:25  SCV  
  15  0:34  Refinery  
  15  0:40  SCV  
  16  0:44  Barracks  
  16  0:53  SCV  
  17  1:06  SCV  
  18  1:18  SCV  
  19  1:31  Orbital Command  
  19  1:32  Reaper  
  20  1:44  Command Center  
  20  1:51  Refinery  
  20  1:57  SCV  
  21  2:04  Factory  
  21  2:12  Barracks Reactor  
  21  2:13  SCV  
  22  2:23  Supply Depot  
  22  2:25  SCV  
  23  2:45  SCV  
  23  2:49  Starport  
  24  2:54  Cyclone  
  24  2:55  Hellion  
  24  2:57  Orbital Command  
  29  3:01  Barracks Tech Lab  
  29  3:05  SCV  
  30  3:11  Supply Depot  
  30  3:16  Hellion  
  32  3:22  SCV  
  32  3:24  SCV  
  34  3:34  SCV  
  34  3:36  SCV  
  35  3:46  SCV  
  35  3:47  Hellion x2  
  35  3:48  SCV  
  41  3:50  Supply Depot  
  41  3:54  Viking  
  43  3:58  SCV  
  43  4:00  SCV  
  45  4:10  Hellion x2, SCV  
  45  4:12  Supply Depot  
  45  4:16  SCV  
  51  4:22  Refinery  
  51  4:23  SCV  
  52  4:28  SCV  
  52  4:31  Raven  
  52  4:34  Barracks Reactor  
  52  4:36  Hellion x2, SCV  
  59  4:39  Supply Depot  
  59  4:40  SCV  
  59  4:45  Factory  
  60  4:49  SCV  
  60  4:52  SCV  
  62  4:59  Supply Depot  
  62  5:01  SCV  
  62  5:03  Hellion x2  
  62  5:04  SCV  
  68  5:13  SCV  
  69  5:16  SCV  
  70  5:23  Viking x2  
  70  5:24  Hellion x2  
  70  5:25  SCV  
  79  5:28  SCV  
  79  5:31  Supply Depot  
  79  5:34  Refinery  
  80  5:37  SCV  
  80  5:39  Infernal Pre-Igniter, Hellion  
  80  5:40  SCV  
  84  5:46  Hellion  
  84  5:47  Armory  
  86  5:52  Supply Depot  
  86  5:53  Hellion  
  86  5:54  Medivac x2  
  92  6:02  Hellion  
  94  6:07  Supply Depot  
  94  6:12  Liberator x2  
  94  6:14  Hellion x2  
  94  6:15  Command Center  
  98  6:26  Supply Depot  
  98  6:29  Hellion  
  106  6:52  Hellion x3  
  112  7:14  Viking x2, Hellion x2  
  112  7:15  Hellion  
  94  7:35  Hellion  
  87  7:42  Hellion x2  
  89  7:50  Viking x2  
  81  7:53  Terran Vehicle Weapons Level 1  
  81  7:55  Factory  
  81  7:56  Orbital Command, SCV  
  81  7:57  Refinery, SCV  
  83  7:59  Supply Depot  
  83  8:00  Supply Depot  
  80  8:09  Siege Tank, SCV x2  
  80  8:10  Hellion x2  
  84  8:21  SCV x2  
  80  8:27  Viking  
  80  8:28  Viking  
  80  8:31  Factory  
  80  8:33  Factory, SCV x2  
  86  8:34  SCV  
  86  8:35  Refinery x2  
  87  8:45  SCV x2  
  87  8:46  SCV  
  90  8:57  SCV x2  
  90  8:58  SCV  
  93  9:04  Command Center  
  93  9:08  Factory Tech Lab  
  93  9:09  Viking x2, Siege Tank, SCV x2  
  102  9:10  Hellion x2, SCV  
  107  9:17  Supply Depot  
  107  9:18  Supply Depot  
  107  9:19  Engineering Bay  
  107  9:21  SCV  
  108  9:27  Factory Tech Lab  
  108  9:28  Siege Tank, Factory Reactor  
  109  9:38  Hellion x2  
  113  9:42  Siege Tank  
  117  9:56  Sensor Tower  
  121  10:00  Refinery x2  
Tags
 
Add a new tag
Caveats
  • Supply blocks, unpowered buildings, or Contaminate may cause inaccurate times.
  • Supply counts are checked every 10 seconds.